AoeStats
← Lerny

Black Forest

510597915Analyzed
2v2 RM · 20h ago on Oct 1, 2026· 25m 50s· 4 players
Game mode
Random Map
Map size
Medium (4 player)
Population
200
Speed
Normal
Resources
Standard
Victory
Conquest
Starting age
Dark Age
Ending age
Imperial Age
RankedLock teamsTeams togetherTeam positionsShared explorationLock speedFull tech treeHidden civsTurbo modeCheats
Victory
Defeat
🇩🇪 Danes · Germany
930
+19
🇩🇪 Saracens · Germany
930
+19
🇨🇱 Italians · Chile
1017
-21
🇨🇱 Bohemians · Chile
958
-17
mats931
0:26 Loom
11:53 Feudal Age
13:43 Wheelbarrow
14:19 Horse Collar
14:29 Double-Bit Axe
17:30 Castle Age
20:22 Fletching
24:51 Crossbowman
Schokoladeneis
0:26 Loom
12:10 Feudal Age
13:45 Wheelbarrow
16:43 Castle Age
15:18 Double-Bit Axe
17:31 Gold Mining
18:27 Horse Collar
19:36 Bow Saw
Remixi
0:27 Loom
12:08 Feudal Age
17:02 Castle Age
15:15 Double-Bit Axe
18:49 Wheelbarrow
20:26 Horse Collar
21:01 Bow Saw
22:05 Heavy Plow
Lerny
1:00 Loom
12:30 Feudal Age
17:24 Castle Age
15:16 Double-Bit Axe
15:14 Horse Collar
21:51 Bow Saw
22:15 Heavy Plow
Connection lost

Rejoining the realm…

Still unreachable

The connection could not be restored.

Session expired

The server has moved on; the page needs a fresh start.